 Dungeon Crawl Stone Soup version 0.24-a0-451-g263dff2034 (webtiles) character file.

Game seed: 5310348094294278814

1691 JellyEater the Digger (level 9, 0/50 HPs)
             Began as a Gargoyle Earth Elementalist on June 26, 2019.
             Was a Follower of Vehumet.
             Shot with an arrow by a centaur (5 damage)
             ... on level 7 of the Dungeon.
             The game lasted 00:16:47 (6581 turns).

JellyEater the Digger (Gargoyle Earth Elementalist) Turns: 6581, Time: 00:16:49

Health: 0/50       AC: 13    Str: 17    XL:     9   Next: 2%
Magic:  3/17       EV: 13    Int: 19    God:    Vehumet [*.....]
Gold:   992        SH:  0    Dex: 12    Spells: 9/18 levels left

rFire    . . .     SeeInvis .   r - +2 whip (flame)
rCold    . . .     Gourm    .   (no shield)
rNeg     + . .     Faith    .   c - +1 robe
rPois    ∞         Spirit   .   (no helmet)
rElec    +         Reflect  .   (no cloak)
rCorr    .         Harm     .   (no gloves)
MR       .....                  (no boots)
Stlth    ++........             (no amulet)
HPRegen  0.16/turn              f - +2 ring of dexterity
MPRegen  0.15/turn              t - +4 ring of protection

@: mighty, very slightly contaminated
A: negative energy resistance 1, electricity resistance, unbreathing,
petrification resistance, rot immunity, AC +6
a: Renounce Religion


You were on level 7 of the Dungeon.
You worshipped Vehumet.
Vehumet was aware of your devotion.
You were hungry.

You visited 2 branches of the dungeon, and saw 8 of its levels.

You collected 992 gold pieces.

Inventory:

Hand Weapons
 e - a +1 dagger
 o - a +0 dagger of holy wrath
 p - a +0 flail
 r - a +2 whip of flaming (weapon)
Missiles
 b - 105 stones (quivered)
Armour
 c - a +1 robe (worn)
Jewellery
 f - a +2 ring of dexterity (left hand)
 s - an uncursed ring of flight
 t - a +4 ring of protection (right hand)
Wands
 x - a wand of random effects (8)
 y - a wand of enslavement (4)
Scrolls
 h - 3 scrolls of teleportation
 v - 3 scrolls of remove curse
Potions
 g - 2 potions of brilliance
 i - 2 potions of lignification
 j - a potion of mutation {unknown}
 k - 2 potions of curing
 l - 2 potions of cancellation
 m - a potion of might
 n - 2 potions of haste {unknown}
 q - 2 potions of berserk rage {unknown}
Comestibles
 d - 12 rations
 u - 4 chunks of flesh


   Skills:
 + Level 3.0 Fighting
 + Level 2.8 Maces & Flails
 + Level 3.0 Armour
 + Level 3.0 Dodging
 - Level 2.1 Stealth
 + Level 5.3 Spellcasting
 + Level 5.2 Conjurations
   Level 0.7 Transmutations
 + Level 7.6 Earth Magic


You had 9 spell levels left.
You knew the following spells:

 Your Spells              Type           Power        Failure   Level  Hunger
a - Sandblast             Erth           ####..       1%          1    None
b - Stone Arrow           Conj/Erth      ####..       2%          3    ##.....
c - Lee's Rapid Deconstr  Erth           ####......   14%         5    #####..

Your spell library contained the following spells:

 Spells                   Type           Power        Failure   Level  Hunger
 Shock                    Conj/Air       ###.         4%          1    None
 Passwall                 Tmut/Erth      ###.....     3%          2    None
 Confusing Touch          Hex            #.....       12%         1    None
 Petrify                  Tmut/Erth      ###.....     22%         4    ####...
 Confuse                  Hex            #.......     34%         3    ##.....
 Gell's Gravitas          Tloc           #.........   34%         3    ##.....
 Yara's Violent Unravell  Hex/Tmut       #.........   96%         5    #####..
 Metabolic Englaciation   Hex/Ice        #.........   97%         5    #####..


Dungeon Overview and Level Annotations

Branches:
Dungeon (7/15)             Temple (1/1) D:4

Altars:
Dithmenos
Elyvilon
Fedhas
Gozag
Hepliaklqana
Kikubaaqudgha
Nemelex Xobeh
Okawaru
Qazlal
Ru
Sif Muna
Trog
Uskayaw
Vehumet
Xom
Yredelemnul
Zin
The Shining One


Innate Abilities, Weirdness & Mutations

You are resistant to torment.
Your stone body is resilient. (AC +6)
You are immune to poison.
You resist negative energy. (rN+)
You are resistant to electric shocks. (rElec)
You can survive without breathing.
You are immune to petrification.
You are immune to rotting.


Message History

* * * LOW HITPOINT WARNING * * *
The hound misses you. The orc misses you.
The adder bites you but does no damage. The adder closely misses you.
The hound bites you but does no damage.
As you read the scroll of teleportation, it crumbles to dust.
You feel strangely unstable. The adder barely misses you. The hound bites you.
* * * LOW HITPOINT WARNING * * *
The hound bites you.
* * * LOW HITPOINT WARNING * * *
Unknown command.
The hound bites you but does no damage.
The orc priest looks braver for a moment.
Your surroundings suddenly seem different.
A centaur comes into view.
The centaur shouts!
The centaur wields a +0 shortbow.
The centaur shoots an arrow.
The arrow hits you but does no damage.
A centaur comes into view.
The centaur shoots an arrow.
The arrow hits you.
You die...

# # #.## .# .
#.#.# ..
....... .#
....#..###.#
...........#..#
...
.......@.....#
...
#>..#.#..c...#
..... . #
#..c..## .....
........# #...
......... #.#
..........
..##.
......#..#
.....
##.....#### #..


You could see 2 centaurs.

Vanquished Creatures
  Pikel (D:5)
  Grinder (D:3)
  Duvessa (D:5)
  2 slaves (D:5)
  A wyvern skeleton (D:6)
  A scorpion (D:6)
  Dowan (D:5)
  A bullfrog zombie (D:7)
  A jelly (D:5)
  An orc priest (D:3)
  A centaur zombie (D:7)
  3 hounds
  A bullfrog skeleton (D:4)
  3 orc wizards
  Natasha (thrice) (D:2)
  2 worker ants
  2 hound skeletons
  6 gnolls
  5 adders
  A shadow imp (D:5)
  An ooze (D:4)
  2 adder zombies
  An adder skeleton (D:4)
  3 worms
  3 dart slugs
  4 leopard geckos
  21 orcs
  9 giant cockroaches
  10 goblins
  9 hobgoblins
  13 jackals
  6 kobolds
  4 quokkas
  7 bats
  5 frilled lizards
  27 rats
163 creatures vanquished.

Notes
Turn   | Place    | Note
-------+----------+-------------------------------------------
     0 | D:1      | JellyEater the Gargoyle Earth Elementalist began the quest
                  | for the Orb.
     0 | D:1      | Reached XP level 1. HP: 10/10 MP: 3/3
   457 | D:1      | Reached skill level 4 in Earth Magic
   457 | D:1      | Reached XP level 2. HP: 15/15 MP: 1/5
  1059 | D:1      | Reached XP level 3. HP: 19/19 MP: 5/7
  1064 | D:1      | Learned a level 3 spell: Stone Arrow
  1763 | D:2      | Reached skill level 1 in Conjurations
  1890 | D:2      | Reached XP level 4. HP: 22/24 MP: 8/8
  1962 | D:2      | Noticed Natasha
  1966 | D:2      | Killed Natasha
  2153 | D:2      | Reached skill level 5 in Earth Magic
  2364 | D:2      | Noticed Natasha
  2372 | D:2      | Killed Natasha
  2372 | D:2      | Reached XP level 5. HP: 15/28 MP: 1/10
  2387 | D:2      | Learned a level 5 spell: Lee's Rapid Deconstruction
  2538 | D:2      | Noticed Natasha
  2547 | D:2      | Killed Natasha
  2672 | D:3      | Noticed Grinder
  2737 | D:3      | Paralysed by Grinder for 6 turns
  2754 | D:3      | Killed Grinder
  2754 | D:3      | Reached skill level 6 in Earth Magic
  2754 | D:3      | Reached XP level 6. HP: 32/32 MP: 3/12
  3020 | D:3      | Reached XP level 7. HP: 36/36 MP: 5/13
  3781 | D:4      | Found a sparkling altar of Nemelex Xobeh.
  3887 | D:4      | Found a staircase to the Ecumenical Temple.
  3897 | Temple   | Entered the Ecumenical Temple
  3963 | Temple   | Became a worshipper of Vehumet
  4666 | D:5      | Entered Level 5 of the Dungeon
  4859 | D:5      | Noticed Dowan
  4860 | D:5      | Noticed Duvessa
  4869 | D:5      | Killed Dowan
  4872 | D:5      | Killed Duvessa
  4872 | D:5      | Reached skill level 1 in Fighting
  4872 | D:5      | Reached skill level 1 in Maces & Flails
  4872 | D:5      | Reached skill level 1 in Armour
  5205 | D:5      | Identified a scroll of acquirement
  5425 | D:5      | Noticed Pikel
  5451 | D:5      | Killed Pikel
  5451 | D:5      | Reached skill level 5 in Spellcasting
  5451 | D:5      | Reached skill level 7 in Earth Magic
  5451 | D:5      | Reached XP level 8. HP: 23/45 MP: 0/15
  5606 | D:5      | Reached * piety under Vehumet
  5606 | D:5      | Offered knowledge of Shock by Vehumet.
  5627 | D:5      | Reached skill level 5 in Conjurations
  6558 | D:7      | Reached XP level 9. HP: 39/49 MP: 6/17
  6570 | D:7      | Noticed a cyan ugly thing
  6581 | D:7      | Shot with an arrow by a centaur

Levels and vault maps discovered:
D:1:      onia_arrival_mini_maze, layout_basic, serial_park_tiny_2
D:2:      layout_loops_cross, minivault_4, uniq_natasha
D:3:      cheibrodos_pilgrimage, layout_basic, first_ration, minmay_rat_hole,
          uniq_grinder
D:4:      layout_gridville, minmay_temple_entry_slanted,
          nemelex_dance_club_becter
D:5:      layout_loops_corners, uniq_pikel, uniq_duvessa
D:6:      layout_loops_ring
D:7:      layout_cave_pools, eino_small_chamber_without_monster
Temple:   dpeg_three_leaves_temple

Skill      XL: |  1  2  3  4  5  6  7  8  9 |
---------------+----------------------------+-----
Earth Magic    | 4 5 6 7 |  7.6
Conjurations   | 1 2 3 4 5 |  5.2
Spellcasting   | 3 4 5 |  5.3
Fighting       | 2 3 |  3.0
Maces & Flails | 2 |  2.8
Armour         | 2 3 |  3.0
Dodging        | 2 3 |  3.0
Stealth        | |  2.1
Transmutations | |  0.7

Action                   |  1- 3 |  4- 6 |  7- 9 || total
-------------------------+-------+-------+-------++-------
Melee: Unarmed           |     7 |       |       ||     7
       Dagger            |    85 |    89 |   172 ||   346
       Whip              |       |       |    66 ||    66
 Cast: Sandblast         |    21 |    42 |    71 ||   134
       Stone Arrow       |     2 |     3 |     3 ||     8
       Lee's Rapid Decon |       |       |     4 ||     4
Evoke: Wand              |       |    16 |     9 ||    25
  Use: Scroll            |     4 |     3 |    10 ||    17
       Potion            |       |       |     3 ||     3
 Stab: Sleeping          |     2 |     1 |     4 ||     7
  Eat: Chunk             |     4 |     4 |    12 ||    20
Armor: Robe              |    27 |    33 |   122 ||   182
Dodge: Dodged            |    75 |    84 |   202 ||   361

Table legend:
 A = Non-vault XP
 B = Vault XP
 C = Vault XP percentage of total XP
 D = Non-vault monster count
 E = Vault monster count
 F = Vault count percentage of total count
                 A         B        C        D         E       F
            +---------+---------+-------+---------+---------+-------
      Total |    1124 |    1292 |  53.5 |     128 |      33 |  20.5
            +---------+---------+-------+---------+---------+-------
        D:1 |      42 |       1 |   2.3 |      21 |       1 |   4.5
        D:2 |     144 |      35 |  19.6 |      27 |       1 |   3.6
        D:3 |     159 |     350 |  68.8 |      36 |      26 |  41.9
        D:4 |     133 |      10 |   7.0 |      10 |       2 |  16.7
        D:5 |     207 |     896 |  81.2 |      18 |       3 |  14.3
        D:6 |     165 |       0 |   0.0 |       6 |       0 |   0.0
        D:7 |     274 |       0 |   0.0 |      10 |       0 |   0.0
            +---------+---------+-------+---------+---------+-------
